[Event "Titled Tuesday Blitz May 23 Early 2023"]
[White "Srihari L R"]
[Black "Manukyan, Artyom"]
[WhiteFideId "46617116"]
[BlackFideId "13305786"]
[WhiteElo "2334"]
[BlackElo "2078"]
[Result "1-0"]
[Round "10"]
[TimeControl "180+2"]
[Date "2023.05.23"]
[WhiteClock "0:01:52"]
[BlackClock "0:01:27"]

1. e4 Nf6 2. e5 Nd5 3. Nc3 e6 4. Bc4 Nxc3 5. dxc3 d6 6. Nf3 Nc6 7. exd6 Bxd6 8. Be3 O-O 9. Qe2 Ne5 10. Bb3 Nxf3+ 11. Qxf3 Qf6 12. Qxf6 gxf6 13. O-O-O b6 14. f3 Bb7 15. Bc4 Kg7 16. Bf2 Rfd8 17. Bg3 h5 18. Bd3 f5 19. Rde1 Kg6 20. Rhg1 Kg5 21. Kd2 h4 22. Bxd6 Rxd6 23. Ke3 Rh8 24. Kf2 Kf6 25. g4 hxg3+ 26. hxg3 Rh2+ 27. Rg2 Rxg2+ 28. Kxg2 e5 29. Kf2 e4 30. fxe4 fxe4 31. Bxe4 Re6 32. Bxb7 1-0


[Site "https://www.chess.com"]

[Event "Titled Tuesday Blitz May 23 Early 2023"]
[White "Ezat, Mohamed"]
[Black "Maltsevskaya, Aleksandra"]
[WhiteFideId "10600906"]
[BlackFideId "24174041"]
[WhiteElo "2386"]
[BlackElo "2302"]
[Result "0-1"]
[Round "10"]
[TimeControl "180+2"]
[Date "2023.05.23"]
[WhiteClock "0:01:06"]
[BlackClock "0:01:35"]

1. e4 c5 2. Nf3 e6 3. d4 cxd4 4. Nxd4 Nf6 5. Bd3 Nc6 6. Nxc6 bxc6 7. O-O d5 8. Nd2 Be7 9. b3 O-O 10. Bb2 a5 11. a4 Ba6 12. Qe2 Qb6 13. c4 Rfe8 14. Rfc1 Nd7 15. exd5 cxd5 16. Qh5 h6 17. Qg4 Bf6 18. Bxf6 Nxf6 19. Qg3 dxc4 20. Nxc4 Bxc4 21. Bxc4 Red8 22. h3 Rd2 23. Re1 Rad8 24. Re3 Nh5 25. Qg4 Nf6 26. Qf3 R8d4 27. Rae1 Qd6 28. Rxe6 fxe6 29. Rxe6 Rd1+ 30. Re1+ Kh8 31. Qa8+ Kh7 32. Rxd1 Rxd1+ 33. Bf1 Rxf1+ 34. Kxf1 Qd1# 0-1


[Site "https://www.chess.com"]

[Event "Titled Tuesday Blitz May 23 Early 2023"]
[White "Staudenhocker43"]
[Black "Begmuratov, Alisher"]
[BlackFideId "14203367"]
[WhiteElo "2538"]
[BlackElo "2387"]
[Result "0-1"]
[Round "10"]
[TimeControl "180+2"]
[Date "2023.05.23"]
[WhiteClock "0:00:06"]
[BlackClock "0:00:26"]

1. e4 c6 2. d4 d6 3. f4 Nf6 4. Nc3 Bg4 5. Nf3 e6 6. Be3 d5 7. e5 Nfd7 8. h3 Bxf3 9. Qxf3 c5 10. O-O-O cxd4 11. Bxd4 Nc6 12. Be3 Bc5 13. Bxc5 Nxc5 14. Nb5 O-O 15. Kb1 f6 16. exf6 Qxf6 17. g3 a6 18. Nc3 Rad8 19. Bg2 b5 20. Rhe1 b4 21. Ne2 Ne5 22. Qe3 Nc4 23. Qd4 Qe7 24. Nc1 Qc7 25. Nd3 Na4 26. Rxe6 Naxb2 27. Rc1 Na4 28. Bxd5 Na3+ 29. Ka1 Rxd5 30. Qxb4 Nxc2+ 31. Kb1 Rb8 32. Rxc2 Rxb4+ 0-1


[Site "https://www.chess.com"]

[Event "Titled Tuesday Blitz May 23 Early 2023"]
[White "Skliarov, Viktor"]
[Black "Devaev, Alexander"]
[WhiteFideId "14106736"]
[BlackFideId "4169395"]
[WhiteElo "2317"]
[BlackElo "2172"]
[Result "1-0"]
[Round "10"]
[TimeControl "180+2"]
[Date "2023.05.23"]
[WhiteClock "0:00:18"]
[BlackClock "0:00:00"]

1. e4 c6 2. d4 d5 3. e5 Bf5 4. Nf3 e6 5. Be2 a6 6. O-O Nd7 7. a4 Ne7 8. Na3 Bg6 9. Nh4 Nf5 10. Nxg6 hxg6 11. g3 c5 12. c3 Qb6 13. Nc2 Be7 14. a5 Qc7 15. Ne3 Nb8 16. Nxf5 gxf5 17. c4 dxc4 18. d5 exd5 19. Qxd5 Qc6 20. Qxc4 Qe6 21. f4 Nc6 22. Be3 O-O-O 23. Qxe6+ fxe6 24. Bc4 Nd4 25. Bxd4 Rxd4 26. Bxe6+ Kb8 27. Rad1 g5 28. Rxd4 cxd4 29. Bxf5 gxf4 30. gxf4 Rg8+ 31. Kf2 Rf8 32. Bd3 Rxf4+ 33. Kg3 Rxf1 34. Bxf1 Bg5 35. h4 Bc1 36. b3 Kc7 37. Kg4 Kd7 38. Kf5 Ke7 39. h5 Bd2 40. Bc4 1-0


[Site "https://www.chess.com"]

[Event "Titled Tuesday Blitz May 23 Early 2023"]
[White "Shukhman, Anna"]
[Black "Jeet, Jain"]
[WhiteFideId "54180058"]
[BlackFideId "5073022"]
[WhiteElo "2235"]
[BlackElo "2067"]
[Result "0-1"]
[Round "10"]
[TimeControl "180+2"]
[Date "2023.05.23"]
[WhiteClock "0:00:12"]
[BlackClock "0:00:22"]

1. e4 c6 2. d4 d5 3. f3 g6 4. Nc3 Bg7 5. Be3 Nf6 6. Be2 Qb6 7. e5 Ng8 8. Qd2 Qxb2 9. Rb1 Qa3 10. h4 h5 11. f4 Nh6 12. Nf3 Bg4 13. Rxb7 Nf5 14. O-O Bxf3 15. Bxf3 Nxh4 16. Rfb1 Nd7 17. Bxd5 cxd5 18. Nxd5 Rc8 19. R1b3 Qxa2 20. Qb4 Nf5 21. Rxd7 O-O 22. Rb2 Qa1+ 23. Kh2 e6 24. Ne7+ Nxe7 25. Rxe7 Rfd8 26. Qb7 Bf8 27. Rxf7 Rb8 28. Qc6 Qxb2 29. Qxe6 Qb6 30. Qa2 Kh8 31. Rf6 Qc7 32. Rxg6 Bg7 33. Qe6 Rb6 34. Qf5 Rxg6 35. Qxg6 a5 36. d5 Rxd5 37. Qe8+ Kh7 38. Qxh5+ Kg8 39. Qe8+ Bf8 40. Qg6+ Qg7 41. Qe6+ Qf7 42. Qg4+ Bg7 43. e6 Qe7 44. f5 Qd6+ 45. Bf4 Qe7 46. Bh6 a4 47. Bxg7 Qxg7 48. Qxa4 Qh7+ 49. Kg3 Qxf5 50. Qe8+ Kg7 51. Qe7+ Kh6 52. Qh4+ Kg6 53. Qh8 Qg5+ 54. Kh2 Qh6+ 55. Qxh6+ Kxh6 56. g4 Re5 57. Kg3 Rxe6 58. Kf4 Kg6 59. c4 Rc6 60. Ke5 Rxc4 61. Kd6 Rxg4 62. Kd5 Kf5 63. Kc5 Re4 64. Kd5 Re8 65. Kd6 Re5 66. Kc6 Ke6 67. Kb6 Kd6 68. Kb7 Rc5 69. Kb6 Kd5 70. Kb7 Rc6 71. Kb8 Kd6 72. Kb7 Kd7 73. Kb8 Rc7 74. Ka8 Kc6 75. Kb8 Kb6 76. Ka8 Rc8# 0-1


[Site "https://www.chess.com"]

[Event "Titled Tuesday Blitz May 23 Early 2023"]
[White "Hua, Lefong"]
[Black "Belov, Alexei"]
[WhiteFideId "2602253"]
[BlackFideId "4128206"]
[WhiteElo "2635"]
[BlackElo "2512"]
[Result "1-0"]
[Round "10"]
[TimeControl "180+2"]
[Date "2023.05.23"]
[WhiteClock "0:00:09"]
[BlackClock "0:00:02"]

1. d4 e6 2. c4 d5 3. Nc3 Be7 4. cxd5 exd5 5. Bf4 c6 6. e3 Bf5 7. Bd3 Bxd3 8. Qxd3 Nf6 9. h3 O-O 10. Nf3 Nbd7 11. O-O Re8 12. Rab1 a5 13. a3 a4 14. Qc2 b5 15. Ne5 Rc8 16. b3 axb3 17. Qxb3 Nxe5 18. Bxe5 Nd7 19. Bg3 Nb6 20. a4 bxa4 21. Nxa4 Nc4 22. Nb6 Nxb6 23. Qxb6 c5 24. dxc5 Bxc5 25. Qb5 d4 26. Rfd1 Qf6 27. Rbc1 Bd6 28. Rxc8 Rxc8 29. Bxd6 Qxd6 30. exd4 h6 31. d5 Rc5 32. Qe8+ Qf8 33. Qe5 Qd8 34. g3 Qd7 35. h4 g6 36. Kg2 Rc8 37. d6 Re8 38. Qf4 h5 39. Rd2 Qc6+ 40. Qf3 Qd7 41. Qd5 Re6 42. Rd3 Kg7 43. Qd4+ Kh7 44. Qf4 Kg7 45. Rd5 Kh7 46. Qd2 Kg7 47. Rd4 Kh7 48. Qf4 Kg7 49. Qg5 Qc6+ 50. Qd5 Qd7 51. Qc5 Kf8 52. Qc7 Ke8 53. Qb8+ Qd8 54. d7+ Kf8 55. Qxd8+ 1-0


[Site "https://www.chess.com"]

[Event "Titled Tuesday Blitz May 23 Early 2023"]
[White "HamedWafa4"]
[Black "Castellanos Gomez, Alejandro"]
[BlackFideId "22284141"]
[WhiteElo "2620"]
[BlackElo "2158"]
[Result "1-0"]
[Round "10"]
[TimeControl "180+2"]
[Date "2023.05.23"]
[WhiteClock "0:01:02"]
[BlackClock "0:00:02"]

1. e4 e6 2. d4 d5 3. e5 c5 4. c3 Nc6 5. Nf3 Bd7 6. Be2 f6 7. O-O fxe5 8. Nxe5 Nxe5 9. dxe5 g6 10. c4 Bc6 11. Bg4 Qe7 12. Nc3 d4 13. Nb5 Bxb5 14. cxb5 Nh6 15. Bh3 Bg7 16. Bxh6 Bxh6 17. Qb3 Kf7 18. f4 Rac8 19. Qc4 Rhd8 20. f5 gxf5 21. Rxf5+ Kg7 22. Rf6 d3 23. Qg4+ Kh8 24. Rxh6 d2 25. Rd1 c4 26. Qxe6 Qc5+ 27. Kh1 Rf8 28. Bf5 Rc7 29. Rf6 Rg7 30. Rxf8+ Qxf8 31. Rxd2 Re7 32. Qc8 Re8 33. Qd7 Rxe5 34. Qxh7# 1-0


[Site "https://www.chess.com"]

[Event "Titled Tuesday Blitz May 23 Early 2023"]
[White "bubeliang"]
[Black "Marcziter, Dmitrii"]
[BlackFideId "13900765"]
[WhiteElo "2620"]
[BlackElo "2162"]
[Result "1-0"]
[Round "10"]
[TimeControl "180+2"]
[Date "2023.05.23"]
[WhiteClock "0:01:23"]
[BlackClock "0:00:01"]

1. e4 c5 2. c3 d5 3. exd5 Qxd5 4. d4 Nf6 5. Nf3 Bg4 6. Be2 e6 7. Na3 cxd4 8. Nb5 Na6 9. Nbxd4 Nc7 10. Bf4 Bd6 11. Qa4+ Ke7 12. Bxd6+ Qxd6 13. Rd1 Qb6 14. Qa3+ Ke8 15. O-O Rd8 16. h3 Bh5 17. g4 Bg6 18. Ne5 Be4 19. Nc4 Qa6 20. Qb3 b5 21. Ne3 Rb8 22. a4 Kf8 23. axb5 Qb7 24. Qa3+ Kg8 25. Ra1 Ra8 26. f3 Bg6 27. Nc6 Ncd5 28. Nxd5 Nxd5 29. c4 Qb6+ 30. Kh1 h5 31. cxd5 hxg4 32. Ne7+ Kh7 33. fxg4 Qd6 34. Qxd6 1-0


[Site "https://www.chess.com"]

[Event "Titled Tuesday Blitz May 23 Early 2023"]
[White "Siva Mahadevan"]
[Black "Degenbaev, Aziz"]
[WhiteFideId "25043153"]
[BlackFideId "13802640"]
[WhiteElo "2249"]
[BlackElo "2152"]
[Result "1-0"]
[Round "10"]
[TimeControl "180+2"]
[Date "2023.05.23"]
[WhiteClock "0:01:05"]
[BlackClock "0:00:14"]

1. c4 Nf6 2. Nc3 g6 3. g3 Bg7 4. Bg2 O-O 5. Nf3 c5 6. d4 d6 7. O-O Nc6 8. dxc5 dxc5 9. Be3 Be6 10. Qa4 Nd4 11. Rfd1 Bd7 12. Qa3 Nc2 13. Qxc5 Nxa1 14. Rxa1 b6 15. Qb4 Rc8 16. Rd1 Qc7 17. b3 e5 18. Bg5 Bc6 19. Nb5 Bxb5 20. Qxb5 e4 21. Nd4 Rfd8 22. e3 Qc5 23. Re1 a6 24. Qxc5 bxc5 25. Ne2 Rd2 26. Nc3 Rc2 27. Bxf6 Bxf6 28. Nxe4 Be7 29. Rd1 f5 30. Nd2 Rxa2 31. Bd5+ Kg7 32. Nf3 Bf6 33. Be6 Rd8 34. Bd5 Rb2 35. Ra1 Rd6 36. Ra3 Bc3 37. Ng5 Bb4 38. Ra1 h6 39. Ne6+ Kf6 40. Nc7 Rxb3 41. Ne8+ Ke7 42. Nxd6 Kxd6 43. Rxa6+ Ke7 44. Rxg6 Rb1+ 45. Kg2 Rb2 46. Rxh6 Be1 47. Re6+ Kd7 48. Kf1 Bxf2 49. Re5 Kd6 50. Re8 Kd7 51. Bf7 Rc2 52. Bg6 Rb2 53. Re5 Kd6 54. Rd5+ Kc6 55. Rd3 f4 56. gxf4 Bh4 57. Be4+ Kc7 58. Rd5 Rxh2 59. Rxc5+ Kd6 60. Rd5+ Ke6 61. Re5+ Kf6 62. Rh5 Rf2+ 63. Kg1 Re2 64. Rxh4 Rxe3 65. Bd5 Kf5 66. Kf2 Rc3 67. Ke2 Rc2+ 68. Kd3 Rc1 69. Kd4 Rd1+ 70. Kc5 Rc1 71. Kd6 Rd1 72. c5 Rc1 73. c6 Rd1 74. c7 Rc1 75. c8=Q+ Rxc8 76. Be6+ Ke4 77. Bxc8 Kf3 78. f5 Kg3 79. Re4 Kf3 80. Ke5 Kg3 81. Rf4 Kg2 82. f6 Kh1 83. Rg4 Kh2 84. f7 Kh3 85. f8=Q Kh2 86. Qh8# 1-0


[Site "https://www.chess.com"]

[Event "Titled Tuesday Blitz May 23 Early 2023"]
[White "Liu, Casper"]
[Black "Zemlyanskii, Ivan"]
[WhiteFideId "1454153"]
[BlackFideId "24249971"]
[WhiteElo "2221"]
[BlackElo "2421"]
[Result "0-1"]
[Round "10"]
[TimeControl "180+2"]
[Date "2023.05.23"]
[WhiteClock "0:00:10"]
[BlackClock "0:00:23"]

1. d4 Nc6 2. Bf4 d6 3. Nf3 Nf6 4. Nc3 Bf5 5. d5 Nb4 6. Nd4 Bg6 7. e4 c5 8. Bb5+ Nd7 9. Ne6 Qc8 10. a3 Na6 11. Qg4 Nc7 12. Nxc7+ Qxc7 13. O-O-O a6 14. Bxd7+ Qxd7 15. Qxd7+ Kxd7 16. h4 h5 17. a4 b6 18. f3 f6 19. b3 Bf7 20. Kb2 Rg8 21. Be3 g5 22. hxg5 fxg5 23. Ne2 Bg7+ 24. c3 Bf6 25. Ng3 h4 26. Nf5 Rh8 27. Kc2 b5 28. axb5 axb5 29. Ra1 b4 30. Bd2 e6 31. Ne3 exd5 32. exd5 Rhe8 33. Nc4 Kc7 34. Rxa8 Rxa8 35. Kb2 Bxd5 36. Ne3 Be6 37. Re1 Ra3 38. Nc2 Rxb3+ 39. Kc1 bxc3 40. Rxe6 cxd2+ 41. Kxd2 Be5 42. Re7+ Kc6 43. Ne3 Bf4 44. Ke2 Rxe3+ 45. Rxe3 Bxe3 46. Kxe3 Kd5 47. f4 gxf4+ 48. Kxf4 c4 49. Kg4 c3 50. Kxh4 c2 51. g4 c1=Q 52. g5 Ke5 53. g6 Kf6 54. g7 Qg5+ 55. Kh3 Qxg7 56. Kh2 Kf5 57. Kh1 Kf4 58. Kh2 Qg4 59. Kh1 Kf3 0-1


[Site "https://www.chess.com"]

[Event "Titled Tuesday Blitz May 23 Early 2023"]
[White "Javakhadze, Zurab"]
[Black "Martic, Ivan"]
[WhiteFideId "13603647"]
[BlackFideId "929301"]
[WhiteElo "2381"]
[BlackElo "2360"]
[Result "0-1"]
[Round "10"]
[TimeControl "180+2"]
[Date "2023.05.23"]
[WhiteClock "0:00:00"]
[BlackClock "0:00:20"]

1. d4 d5 2. c4 c6 3. Nc3 Nf6 4. e3 a6 5. Nf3 e6 6. b3 Nbd7 7. Bd3 b5 8. O-O Bb4 9. Bd2 Ba5 10. Qe1 Bc7 11. e4 dxe4 12. Nxe4 O-O 13. Bb4 Re8 14. Nd6 Bxd6 15. Bxd6 bxc4 16. bxc4 c5 17. dxc5 Nxc5 18. Bxh7+ Nxh7 19. Bxc5 Bb7 20. Qe3 Rc8 21. Ne5 Qh4 22. Rad1 Nf6 23. f3 Qh5 24. Bd4 Qf5 25. Rd2 Red8 26. Rfd1 a5 27. g4 Qh7 28. Qg5 Ne8 29. Qe3 f6 30. Nd3 e5 31. Bb6 Rd7 32. Nc5 Rxd2 33. Qxd2 Bxf3 34. Rf1 Qh3 0-1


[Site "https://www.chess.com"]

[Event "Titled Tuesday Blitz May 23 Early 2023"]
[White "Simonian, Hrair"]
[Black "Flynn, Jacob"]
[WhiteFideId "13302337"]
[BlackFideId "2509393"]
[WhiteElo "2447"]
[BlackElo "2053"]
[Result "1-0"]
[Round "10"]
[TimeControl "180+2"]
[Date "2023.05.23"]
[WhiteClock "0:02:05"]
[BlackClock "0:01:23"]

1. e4 e5 2. Nf3 Nc6 3. Bb5 a6 4. Ba4 Nf6 5. O-O Be7 6. Bxc6 dxc6 7. d3 Nd7 8. Nbd2 O-O 9. Nc4 Bd6 10. b3 Re8 11. Bb2 f6 12. Nh4 Nf8 13. Nf5 c5 14. Qg4 Qd7 15. Ncxd6 cxd6 16. Nh6+ Kh8 17. Qxd7 Bxd7 18. Nf7+ Kg8 19. Nxd6 Reb8 20. a4 b5 21. axb5 axb5 22. Rxa8 Rxa8 23. Ra1 Rxa1+ 24. Bxa1 Bc6 25. Nf5 Kf7 26. Ne3 Ke6 27. f3 g6 28. c3 Nd7 29. d4 cxd4 30. cxd4 exd4 31. Bxd4 Nb8 32. Nc2 f5 33. Ba7 Nd7 34. Nd4+ Kd6 35. exf5 gxf5 36. Nxf5+ Kd5 37. Ne7+ Kd6 38. Nxc6 Kxc6 1-0


[Site "https://www.chess.com"]

[Event "Titled Tuesday Blitz May 23 Early 2023"]
[White "Gheorghiu, Calin"]
[Black "Andreev, Konstantin"]
[WhiteFideId "1200305"]
[BlackFideId "24239305"]
[WhiteElo "2223"]
[BlackElo "2106"]
[Result "1-0"]
[Round "10"]
[TimeControl "180+2"]
[Date "2023.05.23"]
[WhiteClock "0:00:07"]
[BlackClock "0:00:02"]

1. e4 c5 2. Nf3 e6 3. g3 Nc6 4. Bg2 g6 5. O-O Bg7 6. c3 Nge7 7. d4 cxd4 8. cxd4 d6 9. Nc3 O-O 10. Bg5 h6 11. Be3 a6 12. Qd2 Kh7 13. Rac1 b5 14. d5 Na5 15. b3 exd5 16. Nxd5 Nxd5 17. exd5 Nb7 18. Nd4 Qa5 19. b4 Qa4 20. Bf3 a5 21. bxa5 Qxa5 22. Rc2 Qxd2 23. Rxd2 Na5 24. Nxb5 Ba6 25. a4 Nc4 26. Re2 Nb2 27. Rb1 Nxa4 28. Ra2 Nc3 29. Nxc3 Bxc3 30. Rb6 Bc4 31. Rxa8 Rxa8 32. h4 Ra1+ 33. Kg2 Be5 34. Rb7 Kg7 35. h5 gxh5 36. Rc7 Bb3 37. Kh3 Kg6 38. Be4+ f5 39. Bf3 Ra5 40. Kh4 Bxd5 41. Bxh5+ Kf6 42. Bxh6 Bd4 43. f4 Bc4 44. Bg5+ Ke6 45. Bf7# 1-0


[Site "https://www.chess.com"]

[Event "Titled Tuesday Blitz May 23 Early 2023"]
[White "merinasian"]
[Black "Vlassov, Nikolai"]
[BlackFideId "4103360"]
[WhiteElo "2486"]
[BlackElo "2324"]
[Result "0-1"]
[Round "10"]
[TimeControl "180+2"]
[Date "2023.05.23"]
[WhiteClock "0:00:21"]
[BlackClock "0:01:17"]

1. d4 Nf6 2. Nf3 e6 3. g3 b5 4. Bg2 Bb7 5. O-O c5 6. a4 b4 7. c4 bxc3 8. Nxc3 cxd4 9. Qxd4 Nc6 10. Qf4 d5 11. e4 dxe4 12. Rd1 Qb8 13. Nb5 e5 14. Nxe5 Nxe5 15. Be3 Be7 16. Rac1 O-O 17. Nc7 Nd3 18. Rxd3 exd3 19. Nxa8 Bxg2 0-1


[Site "https://www.chess.com"]

[Event "Titled Tuesday Blitz May 23 Early 2023"]
[White "Ilkhomi, Jaloliddin"]
[Black "Ljukin, Sergei"]
[WhiteFideId "14700948"]
[BlackFideId "14102200"]
[WhiteElo "2045"]
[BlackElo "2312"]
[Result "1-0"]
[Round "10"]
[TimeControl "180+2"]
[Date "2023.05.23"]
[WhiteClock "0:00:18"]
[BlackClock "0:00:00"]

1. Nf3 d5 2. d4 Nf6 3. Bf4 c5 4. e3 Nc6 5. c3 Qb6 6. Qc2 Bg4 7. Nbd2 e6 8. Be2 Bf5 9. Qb3 c4 10. Qxb6 axb6 11. a3 b5 12. Rc1 h6 13. O-O Be7 14. Bd1 O-O 15. Bc2 g5 16. Bg3 Nh5 17. Rfe1 Bxc2 18. Rxc2 f5 19. Be5 g4 20. h3 gxf3 21. Nxf3 Nxe5 22. Nxe5 Bd6 23. f4 Bxe5 24. fxe5 Ng3 25. Kf2 Ne4+ 26. Kf3 Kf7 27. Rce2 Rg8 28. g4 fxg4+ 29. hxg4 Ke7 30. Rg2 Raf8+ 31. Ke2 Rg6 32. Rh1 Rfg8 33. Kf3 Kf7 34. Rh4 Kg7 35. Ke2 Rg5 36. Rgh2 Rh8 37. Rg2 h5 38. Kf3 hxg4+ 39. Rhxg4 Rh3+ 40. Ke2 Kg6 41. Rxg5+ Nxg5 42. Rf2 Ne4 43. Rg2+ Kf7 44. Kd1 Rh1+ 45. Kc2 Re1 46. Rh2 Rxe3 47. Rh7+ Kg6 48. Re7 Kf5 49. Rf7+ Kg4 50. Re7 Re2+ 51. Kb1 Nd2+ 52. Ka2 Nb3 53. a4 bxa4 54. Rxe6 Re1 55. Ka3 Ra1+ 56. Kb4 Rb1 57. Ka3 Ra1+ 58. Kb4 Ra2 59. Rb6 Rxb2 60. Kxa4 Rc2 61. Kb4 Nxd4 62. Kc5 Rxc3 63. Kxd5 Nf5 64. Rg6+ Kf4 65. Rg1 Rc2 66. Rf1+ Kg5 67. Rg1+ Kh6 68. e6 1-0


[Site "https://www.chess.com"]

[Event "Titled Tuesday Blitz May 23 Early 2023"]
[White "Mazarini41"]
[Black "Manukyan, Sargis A."]
[BlackFideId "13303970"]
[WhiteElo "2485"]
[BlackElo "2187"]
[Result "1-0"]
[Round "10"]
[TimeControl "180+2"]
[Date "2023.05.23"]
[WhiteClock "0:00:16"]
[BlackClock "0:00:26"]

1. d4 c5 2. d5 e5 3. Nc3 d6 4. e4 g6 5. h4 h5 6. Be2 Bh6 7. Bxh6 Nxh6 8. Nf3 a6 9. a4 Nd7 10. Ng5 Nf8 11. Qd2 f6 12. Nh3 Bg4 13. f3 Bd7 14. Nf2 f5 15. Nh3 f4 16. Ng5 Nh7 17. Ne6 Qc8 18. Bc4 Rb8 19. a5 Nf8 20. Rd1 Nf7 21. Rg1 b5 22. axb6 Rxb6 23. b3 Rg8 24. g3 g5 25. gxf4 exf4 26. hxg5 Ne5 27. Qxf4 Nxe6 28. dxe6 Bxe6 29. Bxe6 Qxe6 30. Nd5 Rb7 31. Nf6+ Kf7 32. Nxg8+ Kxg8 33. g6 Rb8 34. g7 Qh3 35. Ke2 Qe6 36. Qf5 Qxf5 37. exf5 Re8 38. Kf2 Rd8 39. f6 d5 40. Rg5 Nf7 41. Rxh5 Rd6 42. Rf5 d4 43. Rxc5 Rxf6 44. Rxd4 Kxg7 45. Rg4+ Kf8 46. Rc8+ Ke7 47. Re4+ Kd7 48. Ra8 Nd6 49. Rd4 Kc6 50. Rxa6+ Kc5 51. Raxd6 Rf5 52. R6d5+ Rxd5 53. Rxd5+ Kxd5 54. Ke3 Ke5 55. f4+ Kf5 56. b4 Ke6 57. c4 Kf6 58. b5 Ke6 59. c5 Kd5 60. c6 Kd6 61. f5 Kc7 62. f6 Kd6 63. f7 Ke7 64. c7 Kd6 65. c8=Q Kd5 66. f8=Q Ke5 67. Qe7+ Kd5 68. Qc6# 1-0


[Site "https://www.chess.com"]

[Event "Titled Tuesday Blitz May 23 Early 2023"]
[White "Korchmar, Vasiliy"]
[Black "Garakov, Mikhael"]
[WhiteFideId "24131750"]
[BlackFideId "4169034"]
[WhiteElo "2370"]
[BlackElo "2347"]
[Result "0-1"]
[Round "10"]
[TimeControl "180+2"]
[Date "2023.05.23"]
[WhiteClock "0:00:27"]
[BlackClock "0:00:08"]

1. e4 c5 2. Nf3 e6 3. g3 Nc6 4. Bg2 Nf6 5. Qe2 d6 6. O-O Be7 7. c3 O-O 8. d4 Bd7 9. h3 cxd4 10. cxd4 Rc8 11. Nc3 Qa5 12. Rd1 Qa6 13. Qe1 Nb4 14. Qd2 d5 15. Ne5 dxe4 16. Nxe4 Rc2 17. Qf4 Nfd5 18. Qg4 f5 19. Qh5 Be8 20. Qf3 fxe4 21. Qxe4 Rfxf2 22. Bf3 Bb5 23. a4 Be2 24. Kxf2 Bxd1+ 25. Kg1 Bxf3 26. Qxf3 Bf6 27. Qh5 g6 28. Nxg6 Qe2 29. Qxe2 Rxe2 30. Nf4 Nxf4 31. Kf1 Bxd4 32. Bxf4 Rxb2 33. Rc1 e5 34. Rc8+ Kf7 35. Bc1 Rf2+ 36. Ke1 Nd3+ 37. Kd1 Rf1+ 38. Ke2 Rxc1 39. Rb8 e4 40. Rxb7+ Ke6 41. Rxh7 Rc2+ 42. Kd1 Rg2 43. Rh4 e3 0-1


[Site "https://www.chess.com"]

[Event "Titled Tuesday Blitz May 23 Early 2023"]
[White "Iskusnyh, Sergei"]
[Black "Avazkhonov, Alikhon"]
[WhiteFideId "4120027"]
[BlackFideId "14208504"]
[WhiteElo "2492"]
[BlackElo "1739"]
[Result "1-0"]
[Round "10"]
[TimeControl "180+2"]
[Date "2023.05.23"]
[WhiteClock "0:01:54"]
[BlackClock "0:00:00"]

1. d4 Nf6 2. c4 e6 3. g3 Bb4+ 4. Bd2 Qe7 5. Bg2 O-O 6. Nc3 Nc6 7. e3 d6 8. Nge2 e5 9. Nd5 Nxd5 10. cxd5 Bxd2+ 11. Qxd2 Nb8 12. dxe5 Qxe5 13. Rc1 Na6 14. O-O Bg4 15. Nd4 Rfe8 16. b4 Bd7 17. a3 Rac8 18. Rc3 Qh5 19. Rfc1 Bh3 20. Bh1 Bd7 21. Nb3 Bf5 22. Na5 b6 23. Nc6 Ra8 24. Rc4 Bd7 25. Nd4 Rac8 26. R4c3 Qe5 27. Qd3 Nb8 28. Rxc7 1-0


[Site "https://www.chess.com"]

[Event "Titled Tuesday Blitz May 23 Early 2023"]
[White "Mouhamad, Joachim"]
[Black "Thecourseoisildur"]
[WhiteFideId "656410"]
[WhiteElo "2125"]
[BlackElo "2583"]
[Result "0-1"]
[Round "10"]
[TimeControl "180+2"]
[Date "2023.05.23"]
[WhiteClock "0:00:00"]
[BlackClock "0:00:05"]

1. e4 c5 2. Nf3 e6 3. d4 cxd4 4. Nxd4 Nf6 5. Nc3 Nc6 6. Ndb5 Bc5 7. Bf4 O-O 8. Bc7 Qe7 9. Bd6 Bxd6 10. Qxd6 Qd8 11. O-O-O a6 12. Nd4 Ne7 13. g4 Ne8 14. Qg3 d6 15. h4 b5 16. g5 Bb7 17. Bd3 Rc8 18. Nce2 e5 19. Nb3 Nc7 20. g6 fxg6 21. h5 Ne6 22. hxg6 Nxg6 23. Rdg1 Qf6 24. Qh3 Nef4 25. Qxh7+ Kf7 26. Nxf4 Nxf4 27. Kb1 d5 28. exd5 Bxd5 29. Be4 Bxe4 30. Qxe4 Rc4 31. Qb7+ Kg8 32. Nd2 Rf7 33. Qa8+ Rf8 34. Qb7 Rf7 35. Qb8+ Rf8 36. Qb6 Qxb6 37. Nxc4 bxc4 38. b3 c3 39. a3 Qc5 40. Ka2 Qxf2 41. Rc1 Nd3 42. Rhd1 Nxc1+ 43. Rxc1 Qd2 0-1


[Site "https://www.chess.com"]

[Event "Titled Tuesday Blitz May 23 Early 2023"]
[White "Mrudul Dehankar"]
[Black "Kiremitciyan, Ari"]
[WhiteFideId "25096990"]
[BlackFideId "6373445"]
[WhiteElo "2139"]
[BlackElo "2181"]
[Result "0-1"]
[Round "10"]
[TimeControl "180+2"]
[Date "2023.05.23"]
[WhiteClock "0:00:02"]
[BlackClock "0:00:04"]

1. e4 e5 2. Nf3 Nc6 3. Bc4 g6 4. O-O Bg7 5. c3 d6 6. d4 Nge7 7. d5 Nb8 8. Bd3 h6 9. b4 O-O 10. c4 Nd7 11. a3 f5 12. Nc3 Nf6 13. Bd2 f4 14. Rc1 g5 15. c5 Ng6 16. Ne1 g4 17. f3 g3 18. h3 Bxh3 19. gxh3 Qd7 20. Qe2 Qxh3 21. Qg2 Qh5 22. Ne2 Nh4 23. Qh1 g2 24. Nxg2 Nxf3+ 25. Rxf3 Qxf3 26. Rc3 Ng4 27. Qh4 Ne3 28. Bxe3 fxe3 29. Rc1 Rf7 30. Qg3 Qh5 31. Nc3 Rf3 32. Be2 Rxg3 33. Bxh5 Rf8 34. Rf1 Rxf1+ 35. Kxf1 Rh3 36. Be2 Rh1# 0-1


[Site "https://www.chess.com"]

[Event "Titled Tuesday Blitz May 23 Early 2023"]
[White "Spata, German"]
[Black "Senft, Sean"]
[WhiteFideId "113026"]
[BlackFideId "2044960"]
[WhiteElo "2260"]
[BlackElo "1989"]
[Result "0-1"]
[Round "10"]
[TimeControl "180+2"]
[Date "2023.05.23"]
[WhiteClock "0:00:00"]
[BlackClock "0:00:17"]

1. Nf3 c5 2. g3 Nc6 3. Bg2 g6 4. O-O Bg7 5. d3 e5 6. e4 Nge7 7. Nbd2 d6 8. Nc4 O-O 9. a4 f5 10. exf5 Bxf5 11. c3 Qd7 12. Qb3 Kh8 13. Ne3 Bxd3 14. Re1 d5 15. c4 e4 16. cxd5 Nd4 17. Nxd4 Bxd4 18. Bd2 c4 19. Qa3 Nxd5 20. Nxd5 Bxf2+ 21. Kh1 Bxe1 22. Bc3+ Bxc3 23. Qxc3+ Qg7 24. Qb4 Qd4 25. Nf4 Rae8 26. Qxb7 e3 27. Re1 e2 28. Qc7 Qf2 29. Qa5 Rxf4 30. gxf4 Qxf4 31. Qc3+ Kg8 32. Bd5+ Kf8 33. Qh8+ Ke7 34. Qxh7+ Kd8 35. Bg2 Be4 36. Qh3 Bxg2+ 37. Qxg2 Qe4 38. Qxe4 Rxe4 39. Kg2 Kc7 40. Kf3 Re6 41. Rxe2 Rxe2 42. Kxe2 Kb6 43. Kd2 Kc5 44. Kc3 g5 45. h3 a5 46. b3 cxb3 47. Kxb3 Kd4 48. Kb2 Kc4 49. Kc2 Kb4 50. Kb2 Kxa4 51. Kc3 Kb5 52. Kb3 Kc5 53. Ka4 Kd4 54. Kxa5 Ke3 55. Kb4 Kf3 56. Kc3 Kg3 57. Kd3 Kxh3 58. Ke3 g4 59. Ke2 Kh2 60. Kf1 g3 61. Ke2 g2 62. Kf2 g1=Q+ 0-1


[Site "https://www.chess.com"]

[Event "Titled Tuesday Blitz May 23 Early 2023"]
[White "zsizsi99"]
[Black "robertoalejandro10"]
[WhiteElo "2446"]
[BlackElo "2566"]
[Result "0-1"]
[Round "10"]
[TimeControl "180+2"]
[Date "2023.05.23"]
[WhiteClock "0:00:00"]
[BlackClock "0:01:49"]

1. e4 c5 2. Nf3 g6 3. c3 d5 4. e5 d4 5. cxd4 cxd4 6. Qa4+ Nc6 7. Bb5 Bd7 8. Bxc6 Bxc6 9. Qxd4 Bxf3 10. Qxd8+ Rxd8 11. gxf3 Bg7 12. f4 f6 13. d4 Rxd4 14. Be3 Rd8 15. Bxa7 fxe5 16. fxe5 Bxe5 17. Nc3 Nf6 18. Bb6 Rd7 19. Ke2 O-O 20. Rad1 Rxd1 21. Rxd1 Bxh2 22. Nd5 Nxd5 23. Rxd5 Bd6 24. a4 h5 25. Bc5 Rf5 26. Rxf5 gxf5 27. b4 Kf7 28. Kf3 Ke6 29. a5 Bxc5 30. bxc5 Kd5 31. Kf4 h4 0-1


[Site "https://www.chess.com"]

[Event "Titled Tuesday Blitz May 23 Early 2023"]
[White "Hoffmann, Asa"]
[Black "Garv Gaur"]
[WhiteFideId "2001470"]
[BlackFideId "45030839"]
[WhiteElo "2117"]
[BlackElo "2068"]
[Result "0-1"]
[Round "10"]
[TimeControl "180+2"]
[Date "2023.05.23"]
[WhiteClock "0:00:13"]
[BlackClock "0:01:21"]

1. d4 Nf6 2. Bg5 d5 3. Nd2 Nbd7 4. e3 e5 5. Ngf3 e4 6. Ne5 Bd6 7. f4 exf3 8. Ndxf3 Qe7 9. Nxd7 Bxd7 10. Bd3 h6 11. Bxf6 Qxf6 12. O-O Qe7 13. Qd2 O-O-O 14. Rae1 f5 15. c4 dxc4 16. Bxc4 Bb4 17. Qc2 Bxe1 18. Rxe1 Bc6 19. Ne5 Be4 20. Qb3 Qg5 21. g3 Qh5 22. Re2 Rhe8 23. Be6+ Kb8 24. Rf2 Re7 25. d5 Rxe6 26. dxe6 Rd1+ 27. Rf1 Qe2 0-1


[Site "https://www.chess.com"]